 Dungeon Crawl Stone Soup version 0.26.1-11-gd32895ea62 (webtiles) character file.

Game seed: 14287298009847506330

4300 Almogavar the Carver (level 10, -1/80 HPs)
             Began as a Barachi Fighter on May 5, 2021.
             Was a Priest of Makhleb.
             Slain by a troll (3 damage)
             ... on level 7 of the Dungeon.
             The game lasted 00:22:31 (10235 turns).

Almogavar the Carver (Barachi Fighter)             Turns: 10235, Time: 00:22:31

Health: -1/80      AC: 12    Str: 22    XL:     10   Next: 32%
Magic:  0/19       EV: 10    Int:  8    God:    Makhleb [***...]
Gold:   355        SH: 11    Dex: 11    Spells: 9/9 levels left

rFire    . . .     SeeInvis +   a - +0 long sword
rCold    . . .     Faith    .   c - +0 kite shield
rNeg     . . .     Spirit   +   b - +0 scale mail
rPois    .         Reflect  .   d - +0 helmet
rElec    .         Harm     .   w - +0 cloak
rCorr    .         Rampage  .   s - +0 pair of gloves
Will     .....                  (no boots)
Stlth    ..........             y - amulet of guardian spirit
HPRegen  0.23/turn              B - ring of see invisible
MPRegen  0.16/turn              q - ring of magical power

@: studying Short Blades, slow
A: +LOS, swims, slowness 1, strong legs 1
a: Hop, Renounce Religion, Minor Destruction, Lesser Servant of Makhleb


You were on level 7 of the Dungeon.
You worshipped Makhleb.
Makhleb was most pleased with you.
You visited 1 branch of the dungeon, and saw 7 of its levels.
You also visited: Ossuary.

You collected 355 gold pieces.

Inventory:

Hand Weapons
 a - a +0 long sword (weapon)
 E - a +2 spear of venom
Missiles
 g - 145 sling bullets
 i - 101 stones
 k - 114 bolts
 t - 15 poisoned darts (quivered)
 v - 2 throwing nets
Armour
 b - a +0 scale mail (worn)
 c - a +0 kite shield (worn)
 d - a +0 helmet (worn)
 s - a +0 pair of gloves (worn)
 w - a +0 cloak (worn)
 D - +0 steam dragon scales
Jewellery
 f - an uncursed ring of resist corrosion
 l - an uncursed ring of willpower
 q - a ring of magical power (right hand)
 y - an amulet of guardian spirit (around neck)
 B - a ring of see invisible (left hand)
Wands
 n - a wand of disintegration (12)
 x - a wand of paralysis (6)
 A - a wand of random effects (19)
Scrolls
 e - a scroll of fog
 h - 3 scrolls of amnesia
 j - 4 scrolls of remove curse
 o - 2 scrolls of fear
 r - 3 scrolls of blinking {unknown}
Potions
 m - 2 potions of invisibility
 p - 2 potions of lignification
 u - a potion of heal wounds
 z - a potion of degeneration {unknown}
Books
 C - a manual of Short Blades


   Skills:
 + Level 7.8 Fighting
 + Level 10.4 Long Blades
 + Level 2.6 Throwing
 + Level 8.5 Armour
 + Level 4.3 Dodging
 + Level 8.0 Shields


You had 9 spell levels left.
You didn't know any spells.
Your spell library contained the following spells:

 Spells                   Type           Power        Failure   Level
 Magic Dart               Conj           0%           94%         1
 Shock                    Conj/Air       0%           94%         1
 Blink                    Tloc           N/A          98%         2
 Call Imp                 Summ           0%           98%         2
 Slow                     Hex            0%           98%         2
 Swiftness                Air            0%           98%         2
 Conjure Flame            Conj/Fire      0%           100%        3
 Mephitic Cloud           Conj/Pois/Air  0%           100%        3
 Static Discharge         Conj/Air       0%           100%        3
 Airstrike                Air            0%           100%        4
 Lightning Bolt           Conj/Air       0%           100%        5


Dungeon Overview and Level Annotations

Branches:
Dungeon (7/15)             Temple (0/1) D:6         Ossuary (visited)

Altars:
Cheibriados
Elyvilon
Fedhas
Hepliaklqana
Makhleb
Sif Muna
Vehumet
Xom

Annotations:
D:6 1 runed translucent door


Innate Abilities, Weirdness & Mutations

You can be seen from farther away. (+LOS)
You can swim through water.
You cover ground slowly.
You can hop short distances.


Message History

You barely miss the troll.
The troll is almost dead.
The troll bites you but does no damage. You block the troll's attack.
The troll barely misses you.
You closely miss the troll.
The troll is severely wounded.
You block the troll's attack. The troll claws you!
* * * LOW HITPOINT WARNING * * *
The troll claws you but does no damage.
You closely miss the troll.
The troll is severely wounded.
The troll barely misses you. The troll claws you.
* * * LOW HITPOINT WARNING * * *
The troll claws you but does no damage.
You hit the troll.
The troll is almost dead.
The troll bites you.
* * * LOW HITPOINT WARNING * * *
You block the troll's attack. The troll claws you.
You die...

.# ## ##.### ##
### ....##.
##..... .....
...# #...# ####
######...####
..##
...........#
#.##.
####....##!##.#
#.##.
#...†)...(@...#
#.##.
#.##(#####T####
#.##.##.##.#
.(..
..##.......#
#(.....
#####....(##
.(....#.# ###
#...).#
.(.....# # ..#
#...(.#
...#...# #.#
#.....###...
.#.# #.#
##....>.....
>..#


You could see a troll.

Vanquished Creatures
  A centaur skeleton (D:7)
  Maggie (D:7)
  Grinder (D:3)
  Sigmund (D:6)
  7 soldier ants
  3 water moccasins
  A sky beast (D:6)
  A black bear (D:6)
  4 ogres
  2 centaurs
  A bullfrog (D:7)
  2 scorpions
  A water moccasin zombie (D:6)
  3 wights (D:5)
  8 killer bees (D:6)
  2 howler monkeys (D:7)
  A centaur zombie (D:5)
  2 jellies (D:5)
  2 hounds
  Crazy Yiuf (D:6)
  An iguana (D:6)
  Terence (D:3)
  7 worker ants
  An orc wizard (D:5)
  2 hound zombies
  2 hound skeletons
  A howler monkey zombie (D:6)
  Robin (D:3)
  11 gnolls
  11 adders
  A river rat (D:6)
  A shadow imp (D:6)
  A white imp (D:6)
  2 oozes (D:2)
  An adder skeleton (D:4)
  2 worms (D:2)
  2 dart slugs
  4 leopard geckos
  16 orcs
  2 ball pythons
  5 giant cockroaches
  15 goblins
  7 hobgoblins
  8 jackals
  3 quokkas
  5 bats
  6 frilled lizards
  2 kobolds (D:1)
  A leopard gecko skeleton (D:5)
  7 rats
174 creatures vanquished.

Notes
Turn   | Place    | Note
-------+----------+-------------------------------------------
     0 | D:1      | Almogavar the Barachi Fighter began the quest for the Orb.
     0 | D:1      | Reached XP level 1. HP: 18/18 MP: 1/1
   267 | D:1      | Reached XP level 2. HP: 25/25 MP: 2/2
   831 | D:2      | Reached XP level 3. HP: 7/30 MP: 3/3
  1579 | D:2      | Reached skill level 3 in Long Blades
  1579 | D:2      | Reached XP level 4. HP: 20/37 MP: 4/4
  1780 | D:2      | Found a burning altar of Makhleb.
  1780 | D:2      | Found a snail-covered altar of Cheibriados.
  1783 | D:2      | Became a worshipper of Makhleb the Destroyer
  2547 | D:2      | Reached XP level 5. HP: 31/42 MP: 5/5
  2782 | D:3      | Found a blossoming altar of Fedhas.
  3083 | D:3      | Reached skill level 4 in Long Blades
  3083 | D:3      | Reached skill level 5 in Armour
  3256 | D:3      | Reached * piety under Makhleb
  3517 | D:3      | Noticed Grinder
  3533 | D:3      | Killed Grinder
  3534 | D:3      | Reached skill level 5 in Long Blades
  3534 | D:3      | Reached skill level 1 in Dodging
  3534 | D:3      | Reached XP level 6. HP: 20/50 MP: 6/6
  3682 | D:3      | Noticed Robin
  3690 | D:3      | Killed Robin
  3843 | D:3      | Noticed Terence
  3854 | D:3      | Killed Terence
  3855 | D:3      | Reached skill level 5 in Fighting
  3855 | D:3      | Reached XP level 7. HP: 54/56 MP: 7/7
  4339 | D:4      | Found a sand-covered staircase.
  4346 | Ossuary  | Entered an ossuary
  5107 | D:4      | Reached skill level 1 in Throwing
  5271 | D:4      | Reached skill level 5 in Shields
  5394 | D:5      | Entered Level 5 of the Dungeon
  5436 | D:5      | Reached skill level 6 in Long Blades
  5491 | D:5      | Reached ** piety under Makhleb
  5631 | D:5      | Reached XP level 8. HP: 62/62 MP: 8/8
  5710 | D:5      | Reached skill level 7 in Long Blades
  6012 | D:5      | Found a blossoming altar of Fedhas.
  6507 | D:6      | Reached skill level 8 in Long Blades
  6619 | D:6      | Found a runed translucent gate.
  6620 | D:6      | Found a runed translucent door.
  6621 | D:6      | Found a runed translucent gate.
  6621 | D:6      | Found a runed translucent gate.
  6623 | D:6      | Found a runed translucent door.
  6639 | D:6      | Found the +9 staff of Olgreb {rPois∞}
  6782 | D:6      | Found a hazy altar of Hepliaklqana.
  6807 | D:6      | Found a shimmering altar of Xom.
  6808 | D:6      | Found a radiant altar of Vehumet.
  6810 | D:6      | Found a shimmering blue altar of Sif Muna.
  6811 | D:6      | Found a white marble altar of Elyvilon.
  6831 | D:6      | Reached XP level 9. HP: 69/69 MP: 9/9
  7075 | D:6      | Noticed Sigmund
  7107 | D:6      | Killed Sigmund
  7590 | D:6      | Found a runed translucent door.
  7591 | D:6      | Noticed Crazy Yiuf
  7661 | D:6      | Found a staircase to the Ecumenical Temple.
  7669 | D:6      | Reached *** piety under Makhleb
  7670 | D:6      | Reached skill level 9 in Long Blades
  7913 | D:6      | HP: 3/71 [soldier ant (1)]
  9203 | D:6      | Reached XP level 10. HP: 60/79 MP: 10/10
  9216 | D:6      | Reached skill level 10 in Long Blades
  9950 | D:6      | Killed Crazy Yiuf
 10100 | D:7      | Noticed Maggie
 10130 | D:7      | Killed Maggie
 10235 | D:7      | HP: 2/80 [troll (4)]
 10235 | D:7      | Slain by a troll

Illustrated notes

Levels and vault maps discovered:
D:1:      matt_arrival_grand_opening, layout_loops_ring, minmay_pentomino_x2
D:2:      layout_basic, gammafunk_temple_overflow_elements
D:3:      layout_loops_ring, fedhas_altar_fruit_tree, uniq_grinder,
          uniq_terence, uniq_robin
D:4:      layout_basic, nicolae_ossuary_entry_false_entrances
D:5:      layout_loops_ring, basic_altar, minmay_manual_macuahuitl
D:6:      layout_basic, grunt_temple_overflow_open, temple_fountains,
          gup_sewer_entry_bowl, minmay_guarded_unrand_staff_of_olgreb,
          uniq_sigmund, uniq_crazy_yiuf_cottage
D:7:      layout_loops_cross, enter_bailey_5, uniq_joseph, uniq_maggie

Skill      XL: |  1  2  3  4  5  6  7  8  9 10 |
---------------+-------------------------------+-----
Armour         | 4 5 6 8 |  8.5
Fighting       | 4 5 6 7 |  7.8
Long Blades    | 3 5 6 8 9 10 | 10.4
Shields        | 4 5 6 7 8 |  8.0
Dodging        | 1 2 3 4 |  4.3
Throwing       | 1 2 |  2.6

Action                   |  1- 3 |  4- 6 |  7- 9 | 10-12 || total
-------------------------+-------+-------+-------+-------++-------
Melee: Long sword        |   104 |   142 |   552 |   155 ||   953
Throw: Dart              |       |    12 |    36 |     6 ||    54
 Abil: Hop               |       |     1 |     2 |       ||     3
  Use: Scroll            |     3 |     2 |     7 |     2 ||    14
       Potion            |       |     1 |     4 |     1 ||     6
Armor: Scale mail        |    47 |    53 |   228 |    77 ||   405
Dodge: Dodged            |    38 |    48 |   179 |    87 ||   352
Block: Kite shield       |    60 |    81 |   267 |   126 ||   534
       Rpst.: Long sword |    11 |     9 |    54 |    27 ||   101
